Cogmind - Beta 12 @@@ ROGUE MODE // 2023.06.03 @ 20:06:27 Player: W-ALTER Result: Destroyed by as-39060 with Assembled Heavy Rifle Performance ------------- Evolutions (0) 0 Regions Visited (2) 400 Robots Destroyed (33) 165 Value Destroyed (525) 525 Prototype IDs (2) 40 Alien Tech Used (0) 0 Bonus (47) 47 TOTAL SCORE: 1177 Bonus ------- High Alert Combat Kills 47 Cogmind --------- Core Integrity 0/250 Matter 236/300 Energy 98/100 System Corruption 2% Temperature Cool (0) Movement Hovering (150) Ox1 Location -10/Mines Parts ------- > --- POWER (1) -------- (None) > --- PROPULSION (2) --- Combat Airjet > --- UTILITY (2) ------ Medium Storage Unit > --- WEAPON (2) ------- Light Cannon > --- INVENTORY (10) --- Large Storage Unit Structural Scanner Light Armor Plating Heavy EM Pulse Gun Rocket Launcher Rocket Launcher Rocket Launcher Datajack Hammer Peak State ------------ > --- POWER ------------ Ion Engine > --- PROPULSION ------- Wheel Compact Wheel > --- UTILITY ---------- Small Storage Unit Terrain Scan Processor > --- WEAPON ----------- Rocket Launcher Rocket Launcher > --- INVENTORY -------- Medium Storage Unit Large Storage Unit Heavy EM Pulse Gun Heavy EM Pulse Gun Rocket Launcher Rocket Launcher [Rating: 11] Favorites ----------- Power Ion Engine Engine Ion Engine Propulsion Wheel Wheel Wheel Hover Unit Combat Airjet Utility Weapon Shielding Storage Small Storage Unit Processor Terrain Scan Processor Protection Weapon Shielding Weapon Heavy EM Pulse Gun Energy Gun Heavy EM Pulse Gun Ballistic Gun Assault Rifle Ballistic Cannon Light Cannon Launcher Rocket Launcher Impact Weapon Hammer Build | -11 -10 -10 ------- Run | Jun Mat Min Slots Evolved . | . . . Power . | . . . Propulsion . | . . . Utility . | . . . Weapon . | . . . Parts Attached 19 | 6 9 4 Power 1 | 1 . . Engine 1 | 1 . . Core . | . . . Reactor . | . . . Propulsion 4 | 2 1 1 Treads . | . . . Leg . | . . . Wheel 3 | 2 1 . Hover 1 | . . 1 Flight . | . . . Utility 4 | 1 3 . Device . | . . . Storage 2 | 1 1 . Processor 1 | . 1 . Hackware . | . . . Protection 1 | . 1 . Artifact . | . . . Weapon 10 | 2 5 3 Energy Gun 2 | . 2 . Energy Cannon . | . . . Ballistic Gun 2 | 2 . . Ballistic Cannon 2 | . 1 1 Launcher 3 | . 2 1 Special Weapon . | . . . Impact Weapon 1 | . . 1 Slashing Weapon . | . . . Piercing Weapon . | . . . Special Melee Weapon . | . . . Unidentified Prototypes . | . . . Parts Lost 8 | . 2 6 Power 1 | . . 1 Propulsion 3 | . 1 2 Utility 1 | . . 1 Weapon 3 | . 1 2 Highest Loss Streak 6 | . 1 6 To Critical Strikes . | . . . Average Slot Usage (%) 95 | . 97 72 Engine 13 | . 14 7 Wheel 25 | . 26 17 Storage 14 | . 14 14 Processor 2 | . 2 . Protection 10 | . 10 6 Energy Gun 14 | . 13 15 Launcher 11 | . 12 1 Naked Turns . | . . . Heaviest Build 22 | 13 22 22 Greatest Support 26 | 26 26 20 Greatest Overweight (x) 3 | . 1 3 Average Overweight (x) . | . . 1 Largest Inventory Capacity 10 | 8 10 10 Average Capacity 8 | 6 8 10 Most Carried 10 | 5 10 10 Average Carried 7 | 1 7 9 Final Capacity 10 | 8 10 10 Final Carried 10 | . 10 9 Class Distribution -------------------- 100% | Mutant Dominant Class ---------------- Mutant | -10/Materials Mutant | -10/Mines Resources | -11 -10 -10 ----------- Run | Jun Mat Min Matter Collected 625 | 178 447 . Remotely . | . . . Salvage Created 667 | . 605 62 Parts 58 | . 51 7 Haulers Intercepted 2 | . 2 . Recyclers Shooed . | . . . Parts Field Recycled . | . . . Retrieved Matter . | . . . Parts Self-Destructed . | . . . Prevented . | . . . Kills | -11 -10 -10 ------- Run | Jun Mat Min Combat Hostiles Destroyed 20 | . 13 7 Guns 4 | . 1 3 Cannons 2 | . 1 1 AOE 14 | . 11 3 Classes Destroyed 10 | . 9 1 Worker 5 | . 5 . Builder 2 | . 2 . Hauler 2 | . 2 . Recycler 3 | . 3 . Mechanic 1 | . 1 . Operator 1 | . 1 . Watcher 3 | . 3 . Swarmer 9 | . 6 3 Grunt 7 | . 7 . Assembled 4 | . . 4 Best Kill Streak 9 | . 9 3 Combat Bots Only 5 | . 5 3 Max Kills in Single Turn 3 | . 3 3 Gunslinging 1 | . . 1 Exploded 3 | . 2 3 Melee . | . . . Uniques/NPCs Destroyed . | . . . Combat | -11 -10 -10 -------- Run | Jun Mat Min Damage Taken 1081 | . 357 724 Core 252 | . 85 167 Absorbed by Shields . | . . . Redirected to Shielding 49 | . 29 20 Core Remaining (%) 100 | 100 . . Volleys Fired 55 | . 40 15 Largest 2 | . 2 2 Hottest 90 | . 90 90 Shots Fired 89 | . 66 23 Gun 53 | . 38 15 Cannon 10 | . 3 7 Launcher 26 | . 25 1 Special . | . . . Kinetic 10 | . 3 7 Thermal . | . . . Explosive 26 | . 25 1 Electromagnetic 53 | . 38 15 Robot Hit Streak 6 | . 6 2 Robot Miss Streak 4 | . 4 4 Penetration Max . | . . . Secondary Targets 1 | . . 1 Max Gunslinging Chain 1 | . . 1 Shots Hit Robots 41 | . 32 9 Core Hits 48 | . 40 8 Critical Kills . | . . . Critical Parts Destroyed . | . . . Critical Strikes 1 | . 1 . Corrupt 1 | . 1 . Melee Attacks 1 | . . 1 Impact 1 | . . 1 Slashing . | . . . Piercing . | . . . Sneak Attacks . | . . . Combat Hostiles . | . . . Follow-up Attacks . | . . . Damage Inflicted 2306 | . 1958 348 Guns 484 | . 379 105 Cannons 50 | . 17 33 Explosions 1724 | . 1560 164 Melee 46 | . . 46 Ramming 2 | . 2 . Kinetic 50 | . 17 33 Thermal 50 | . 50 . Explosive 1674 | . 1510 164 Electromagnetic 484 | . 379 105 Impact 46 | . . 46 Slashing . | . . . Piercing . | . . . Highest Corruption 2 | . . 2 Average Corruption 2 | . . 2 Corruption Purged . | . . . Corruption Blocked . | . . . Overload Shots . | . . . Overflow Damage 46 | . 36 10 Projectiles . | . . . Explosions 46 | . 36 10 Melee . | . . . Knockbacks . | . . . Impact . | . . . Kinetic . | . . . Secondary . | . . . Self-Inflicted Damage 93 | . 70 23 Shots 4 | . 3 1 Rammed 2 | . 2 . Targets Rammed 2 | . 2 . Kicked . | . . . Crushed . | . . . Highest Temperature 90 | . 90 90 Average Temperature 28 | . 26 36 Received Heat Transfer 183 | . 123 60 Siege Activations . | . . . Robots Corrupted . | . . . Combat Hostiles . | . . . Parts Fried 1 | . 1 . Impact Corruptions . | . . . Robots Melted . | . . . Combat Hostiles . | . . . Parts Melted . | . . . Heat Transferred 50 | . 50 . Parts Sabotaged . | . . . Parts Stolen . | . . . Parts Stripped . | . . . Power Chain Reactions 2 | . 2 . Missiles Intercepted . | . . . Alert | -11 -10 -10 ------- Run | Jun Mat Min Peak Influence 657 | . 657 236 Initial 151 | . . 151 Average 399 | . 442 205 Maximum Alert Level 2 | . 2 1 Low Security (%) 20 | 100 12 47 Level 1 14 | . 11 52 Level 2 65 | . 75 . Level 3 . | . . . Level 4 . | . . . Level 5 . | . . . High Security . | . . . Max Security . | . . . Squads Dispatched 3 | . 3 . Investigation 2 | . 2 . Extermination . | . . . Reinforcement 1 | . 1 . Assault . | . . . Garrison . | . . . Intercept . | . . . Searches Triggered . | . . . Construction Impeded . | . . . Haulers Reinforced . | . . . Active Scanning Responses . | . . . Cargo Convoy Interrupts . | . . . Stealth | -11 -10 -10 --------- Run | Jun Mat Min Distress Signals 2 | . 2 . Communications Jammed . | . . . Distress Signals . | . . . Times Spotted 45 | . 21 24 Peak Tracking Total 18 | . 6 18 Tactical Retreats 2 | . 1 1 Traps | -11 -10 -10 ------- Run | Jun Mat Min Traps Triggered 1 | . 1 . Indirectly . | . . . Trap Hack Attempts . | . . . Triggered . | . . . Disarmed . | . . . Reprogrammed . | . . . Reused . | . . . Traps Extracted . | . . . Installed . | . . . Triggered . | . . . Machines | -11 -10 -10 ---------- Run | Jun Mat Min Machines Disabled 7 | . 7 . Max in Single Turn 1 | . 1 . Machines Repaired . | . . . Machines Sabotaged . | . . . Overloaded Fab Kills . | . . . Hacking | -11 -10 -10 --------- Run | Jun Mat Min Machines Accessed 5 | . 5 . Terminals 3 | . 3 . Fabricators . | . . . Repair Stations . | . . . Recycling Units 2 | . 2 . Scanalyzers . | . . . Garrison Access . | . . . Total Hacks 12 | . 12 . Successful 6 | . 6 . Failed 6 | . 6 . Catastrophic . | . . . Database Lockouts . | . . . Manual 5 | . 5 . Terminals 10 | . 10 . Fabricators . | . . . Repair Stations . | . . . Recycling Units 2 | . 2 . Scanalyzers . | . . . Garrison Access . | . . . Terminal Hacks 2 | . 2 . Prototype ID Bank 1 | . 1 . Emergency Access Points 1 | . 1 . Fabricator Hacks . | . . . Repair Station Hacks . | . . . Recycling Unit Hacks 2 | . 2 . Report Inventory 2 | . 2 . Scanalyzer . | . . . Garrison Access Hacks . | . . . Unauthorized Hacks 2 | . 2 . Terminals 2 | . 2 . Botnet 2 | . 2 . Fabricators . | . . . Repair Stations . | . . . Recycling Units . | . . . Scanalyzers . | . . . Garrison Access . | . . . Data Cores Recovered . | . . . Used . | . . . Hacking Detections 2 | . 2 . Full Trace Events 1 | . 1 . Feedback Events . | . . . Feedback Blocked . | . . . Robot Schematics Acquired . | . . . Robots Built . | . . . Authchips . | . . . Time . | . . . Total Robot Build Rating . | . . . Part Schematics Acquired . | . . . Parts Built . | . . . Authchips . | . . . Time . | . . . Total Part Build Rating . | . . . Parts Repaired . | . . . Time . | . . . Parts Recycled . | . . . Recycled Matter . | . . . Retrieved Matter . | . . . Retrieved Components . | . . . Parts Scanalyzed . | . . . Part Schematics Acquired . | . . . Parts Damaged . | . . . Bothacking | -11 -10 -10 ------------ Run | Jun Mat Min Used RIF Installer . | . . . Robots Hacked . | . . . Non-combat . | . . . Combat . | . . . Robot Hacks Applied . | . . . Relay Couplers Released . | . . . Fabnet Peak Effective % . | . . . Robots Rewired . | . . . Allies Hacked . | . . . Hacks Repelled . | . . . Allies | -11 -10 -10 -------- Run | Jun Mat Min Total Allies . | . . . Largest Group . | . . . Highest-Rated Group . | . . . Highest-Rated Ally . | . . . Total Orders . | . . . Ally Attacks . | . . . Total Damage . | . . . Kills . | . . . Allies Corrupted . | . . . Allies Melted . | . . . Intel | -11 -10 -10 ------- Run | Jun Mat Min Robot Analysis Total . | . . . Derelict Logs Recovered . | . . . Drone Launches . | . . . Drone Recoveries . | . . . Exploration | -11 -10 -10 ------------- Run | Jun Mat Min Turns Passed 996 | 48 858 90 Spaces Moved 868 | 52 775 41 Core 30 | 26 . 4 Treads . | . . . Legs . | . . . Wheels 834 | 26 775 33 Hover 4 | . . 4 Flight . | . . . Fastest Speed 50 | 50 80 80 Average Speed 90 | 70 90 108 Slowest Speed 200 | 90 95 200 Overloaded Moves . | . . . Propulsion Burnouts . | . . . Robots Hopped . | . . . Cave-ins Triggered . | . . . Exploration Rate (%) 35 | 3 90 12 Regions Visited 2 Branch Regions 1 Pre-discovered Areas . | . . . Known Exits Taken . | . . . Unknown Exits Taken 2 | 1 1 . Scrap Searched . | . . . Spaces Dug 41 | . 41 . Terrain Destroyed 165 | . 156 9 Melee . | . . . Projectile . | . . . AOE 165 | . 156 9 Terrain Rammed . | . . . Walls Destroyed . | . . . Machines Disabled . | . . . Actions | -11 -10 -10 --------- Run | Jun Mat Min Total 995 | 62 869 64 Wait 17 | . 17 . Move 866 | 51 774 41 Hop . | . . . Pick Up 23 | 5 17 1 Fast Attach 2 | 1 1 . Attach 16 | 5 7 4 Detach 6 | . 4 2 Swap 1 | . 1 . Drop 5 | . 5 . Fire 55 | . 40 15 Melee 1 | . . 1 Ram 2 | . 2 . Kick . | . . . Crush . | . . . Escape Stasis . | . . . Rewire 1 | . 1 . Trap . | . . . Miscellaneous . | . . . Route ------- -11/Junkyard -10/Materials (discovered 3 exits: [*Mat x2] / [*Min]) -10/Mines History --------- Turn | Location | Event 18 | -11/Junkyard | Discovered new exit (range 16) 49 | -11/Junkyard | Entered Materials 314 | -10/Materials | Build established: Mutant 315 | -10/Materials | Discovered new exit (range 8) 468 | -10/Materials | Discovered new exit (range 15) 718 | -10/Materials | Discovered new exit (range 6) 907 | -10/Materials | Entered Mines 930 | -10/Mines | Assembled infested the area 935 | -10/Mines | Assisted by a Guerilla fighting off Assembled 966 | -10/Mines | Core integrity fell below 50% 971 | -10/Mines | Core integrity fell below 20% 994 | -10/Mines | Lost 6 parts (1p2n1u2w) 997 | -10/Mines | Destroyed by as-39060 with Assembled Heavy Rifle Last Messages --------------- 00966_ D-53 Grenadier suffers critical hit (Destroy). 00966_ D-53 Grenadier destroyed. 00967_ The unstable cave ceiling collapses. 00967_ R-06 Scavenger collects Imp. Light Armor Plating. 00968_ The unstable cave ceiling collapses. 00968_ U-05 Engineer builds a Wall. 00970_ as-17330 destroyed. 00971_ The unstable cave ceiling collapses. 00972_ U-05 Engineer lays Concrete. 00972_ D-53 Grenadier destroyed. 00973_ U-05 Engineer lays Concrete. 00975_ U-05 Engineer builds a Wall. 00976_ Acquired Cmb. Airjet. 00980_ The unstable cave ceiling collapses. 00980_ U-05 Engineer builds a Wall. 00984_ U-05 Engineer lays Concrete. 00987_ U-05 Engineer builds a Wall. 00990_ U-05 Engineer lays Concrete. 00991_ as-12901 destroyed. 00991_ U-05 Engineer lays Concrete. Map ----- +----------------------------------------------------+ | | | | | | | | | | | | | | | | | | | | | | | | | | | | | | | | | ?????????????????????????????????????????????????? | | ??????????###########????????????????????????????? | | ??????????# ** #????????????????????????????? | | ??????????#=%*%=""" #????????????????????##??????? | | ??????????# =%[ """ #??????????????????? ??????? | | ??????????# """ #?????????????????? ?????? | | ??????????# #???#####????????? ?????? | | ??????????# """ """ ##### #???????? " ?????? | | ??????????# """ """ % ###????? "%"??????? | | ??????????# """ """ ## @ ##??? #???????? | | ??????????# ##a #### #????????? | | ??????????############ # % # #????????? | | ?????????????????????# # ### $ #?????????? | | ?????????????????????# # u # ##?????????? | | ???????????????????# % ##??#??????????? | | ??????????????????## a % ##?????????????? | | ??????????????????# [* # #??????????????? | | ??????????????????# =! # # ##??????????????? | | ??????????????????##* # #######???????????????? | | ?????????????????? #?????????????????????? | | ???????????????? ##?????????????????????? | | ??????????????? ##???????????????????????? | | ?????????????? ?????????????????????????? | | ????????????? ?????????????????????????? | | ???????????? ??????????????????????????? | | ????????????# ???????????????????????????? | | ????????????## ## ????????????????????????????? | | ?????????????#####?# ????????????????????????????? | | ???????????????????# ????????????????????????????? | | ?????????????????????????????????????????????????? | | ?????????????????????????????????????????????????? | | ?????????????????????????????????????????????????? | | ?????????????????????????????????????????????????? | | ?????????????????????????????????????????????????? | +----------------------------------------------------+ Best States ------------- Heat Dissipation 25 Energy Generation 10 Energy Capacity 250 Matter Stores 300 Matter Capacity 300 Sight Range 16 Terrain Scan Density 85 Weapon Shielding 33 Evasion (%) 50 Item Schematics ----------------- None Robot Schematics ------------------ None Fabricated ------------ Nothing Alien Tech Used ----------------- None Achievements -------------- None Challenges ------------ None Game ------ Seed MiningEtherialStorm Manual? 0 Play Time 00:16:05 Cumulative 10.4 hours Start 2023.06.03 @ 19:52:13 End 2023.06.03 @ 20:06:27 Sessions 1 Manual Loads 0 Difficulty Rogue Special Mode None Game No. 27 Rogue 27 Adventurer 0 Explorer 0 Win Type - Total 0 Types 0/0/0/0/0/0/0/0/0 Lore% 18 Gallery% 15 Achievement% 19 Wizard Run 0 Options --------- ASCII 0 Keyboard 0 Movement Mouse Keybinds 0 Fullscreen 1 Font 12/Smallcaps Map View 83x54 Tactical HUD 1 Map Filters NONE Filters NONE Steam X RUN: 41af9aae-71f2-4282-98f9-276cd48a0c93